Map: Torres del ocaso

Players

Xandros - Winner!

  • Race: Zerg Zerg

IA (Medio) 1

  • Race: Terran Terran

VOD

Have the link to the VOD?

Description

Time

  • Played on: Nov. 25, 2015, 8:29 a.m.
  • Length: 8:37
Show
View Real Time Build Order
Export as new Build Order

Xandros Zerg - Winner!

Build Orders: Hatch First 

Get SALT Encoding   

  12  0:01  Drone  
  13  0:13  Overlord  
  13  0:20  Drone  
  14  0:31  Drone x2  
  14  0:35  Drone  
  17  0:58  Hatchery  
  17  1:01  Drone x2  
  18  1:07  Extractor  
  17  1:18  Spawning Pool  
  16  1:19  Drone  
  16  1:25  Drone  
  18  1:28  Drone  
  19  1:40  Overlord  
  19  1:53  Drone  
  20  2:04  Queen  
  22  2:09  Queen  
  22  2:12  Zergling x4  
  22  2:13  Zergling x2  
  27  2:20  Metabolic Boost  
  27  2:26  Drone x2  
  29  2:31  Drone  
  29  2:34  Drone  
  31  2:41  Roach Warren  
  30  3:05  Drone x3  
  33  3:09  Drone  
  33  3:12  Overlord x2  
  34  3:20  Overlord  
  34  3:32  Roach  
  34  3:33  Roach x4  
  44  3:42  Extractor  
  44  3:45  Drone  
  44  3:47  Drone x2  
  46  3:49  Drone  
  46  3:52  Extractor  
  46  3:57  Ravager x2  
  48  4:04  Drone x3  
  48  4:06  Drone  
  48  4:08  Overlord x3  
  51  4:21  Zergling x4  
  51  4:22  Zergling x4  
  55  4:34  Roach  
  55  4:35  Roach  
  59  4:46  Roach x2  
  59  5:18  Roach x4  
  59  5:19  Roach x4  
  75  5:28  Queen  
  75  5:35  Lair  
  81  5:42  Roach  
  81  5:43  Roach x2  
  81  5:48  Overlord x2  
  81  5:49  Overlord  
  83  5:55  Hatchery  
  82  6:06  Roach  
  78  6:34  Zergling x2  
  78  6:35  Zergling x12  
  80  7:01  Roach  
  80  7:02  Roach x3  
  88  7:27  Overseer  
  88  7:33  Zergling x2  
  88  7:34  Zergling x16  
  97  8:01  Extractor  
  97  8:04  Drone x2  
  98  8:07  Drone  
  98  8:11  Drone x2  
  98  8:12  Drone  
Show
View Real Time Build Order
Export as new Build Order

IA (Medio) 1 Terran 

Build Orders:  

Get SALT Encoding   

  12  0:00  SCV  
  13  0:13  SCV  
  14  0:19  Supply Depot  
  14  0:25  SCV  
  15  0:40  SCV  
  15  0:41  Barracks  
  16  0:50  Refinery  
  16  0:52  SCV  
  17  1:04  SCV  
  18  1:16  Supply Depot  
  18  1:28  Orbital Command  
  18  1:30  Marine  
  19  1:37  Barracks  
  19  1:48  Marine  
  20  2:06  Supply Depot, Barracks Tech Lab  
  21  2:08  SCV  
  21  2:18  Refinery  
  21  2:20  SCV  
  22  2:23  Marine  
  22  2:26  Engineering Bay, Marine  
  24  2:32  SCV  
  25  2:41  Marine  
  26  2:44  SCV  
  26  2:45  Marauder  
  29  2:57  SCV  
  30  2:59  Marine  
  31  3:09  SCV  
  32  4:09  SCV, Barracks Tech Lab, Marauder  
  35  4:10  Missile Turret  
  35  4:12  Missile Turret  
  35  4:13  Supply Depot  
  35  4:16  Factory  
  35  4:20  Barracks  
  35  4:22  SCV  
  35  4:30  Marine  
  36  4:31  Sensor Tower  
  36  4:33  Bunker  
  36  4:34  SCV, Marauder  
  36  4:36  Command Center  
  39  4:46  Supply Depot  
  39  4:48  Marauder  
  41  4:55  Marine  
  39  5:03  Factory Tech Lab, Starport  
  34  5:09  Marine  
  34  5:13  Marine  
  36  5:22  Marine  
  36  5:27  Armory  
  37  5:32  Marauder  
  39  5:41  Barracks Reactor, Starport Tech Lab, Marine  
  40  5:49  SCV  
  41  5:50  Refinery  
  41  5:52  SCV  
  41  5:53  Marine  
  43  5:59  Missile Turret, Marine  
  43  6:01  SCV, Missile Turret, Raven  
  47  6:04  SCV  
  47  6:13  SCV  
  47  6:14  Marine  
  47  6:16  SCV  
  45  6:23  Marine  
  45  6:25  SCV  
  36  6:32  Marine  
  33  6:40  Hellion  
  33  6:43  Raven  
  34  6:49  Marine  
  29  6:56  SCV  
  29  6:59  SCV  
  25  7:02  Hellion  
  25  7:06  Marine  
  23  7:08  SCV  
  23  7:14  SCV  
  22  7:20  SCV  
  25  7:26  SCV  
  22  7:30  Hellion  
  22  7:33  SCV  
  23  7:38  SCV  
  24  7:45  SCV  
  24  7:50  SCV  
  21  8:10  Supply Depot  
Tags
 
Add a new tag
Caveats
  • Supply blocks, unpowered buildings, or Contaminate may cause inaccurate times.
  • Supply counts are checked every 10 seconds.